[Event "ICC Open 2015"]
[Site "Internet Chess Club"]
[Date "2015.05.29"]
[Round "10"]
[White "chessrex"]
[Black "nikenwidiartto"]
[Result "1-0"]
[ICCResult "Black forfeits on time"]
[WhiteElo "2155"]
[BlackElo "1868"]
[Opening "Blackmar gambit"]
[ECO "D00"]
[NIC "QP.08"]
[Time "21:20:14"]
[TimeControl "180+0"]

1. d4 d5 2. e4 dxe4 3. Nc3 Bf5 4. f3 exf3 5. Nxf3 Nf6 6. Ne5 Nbd7 7. Qf3 e6
8. Qxb7 Nxe5 9. dxe5 Nd7 10. Bb5 Rc8 11. Bg5 f6 12. O-O-O Bd6 13. exd6 fxg5
14. dxc7 Rxc7 15. Qf3 O-O 16. Qg3 Qc8 17. Qxg5 Rxc3 18. bxc3 Qxc3 19. Bd3
Bxd3 20. Rxd3 Qa1+ 21. Kd2 Qxh1 22. Rxd7 Rf2+ 23. Kc3 Qa1+ 24. Kb4 Qb2+ 25.
Kc5 Rf5+ 26. Qxf5 exf5 27. Rd8+ Kf7 28. Rd7+ Kf6 29. Rd6+ Kg5 30. Rd2 Qa3+
31. Kc4 Qxa2+ 32. Kc3 Qa5+ 33. Kd3 Qd5+ 34. Kc3 Qe5+ 35. Rd4 Qe3+ 36. Kc4
Qf2 37. c3 Qxg2 38. Rd7 Qxh2 39. Rxg7+ Kf6 40. Rd7 Qf4+ 41. Rd4 Qxd4+ 42.
Kxd4 f4 43. c4 Kg5 44. c5 f3 45. c6 Kg4 46. c7 f2 47. c8=Q+
{Black forfeits on time}
1-0

[Event "ICC Open 2015"]
[Site "Internet Chess Club"]
[Date "2015.05.29"]
[Round "10"]
[White "MichaelBluth"]
[Black "Prof-chess"]
[Result "1-0"]
[ICCResult "Black forfeits on time"]
[WhiteElo "2346"]
[BlackElo "2736"]
[Opening "King's Indian, 3.Nf3"]
[ECO "E61"]
[NIC "QP.11"]
[Time "21:19:59"]
[TimeControl "180+0"]

1. Nf3 Nf6 2. c4 g6 3. d4 Bg7 4. Nc3 O-O 5. h3 d6 6. Bf4 Nc6 7. e3 Bf5 8.
Be2 h6 9. d5 e5 10. Bh2 Ne7 11. Nd2 Bd7 12. Rc1 a6 13. b4 Kh7 14. Qb3 Nf5
15. Nf3 e4 16. Nd2 Re8 17. c5 Qe7 18. Nc4 dxc5 19. Bxc7 cxb4 20. d6 Qe6 21.
Qxb4 Bf8 22. Rd1 Nh4 23. g3 Nf3+ 24. Bxf3 exf3 25. Nb6 Rac8 26. Nxc8 Rxc8
27. Qb3 Qf5 28. Qxf7+ Bg7 29. Qb3 Re8 30. Bb6 h5 31. Bd4 b5 32. Qb1 Qg5 33.
h4 Qg4 34. Qb4 Bh6 35. a3 Ne4 36. Qb1 Nxg3 37. Rg1 Bf4 38. Qd3 Qxh4 39. Kd2
Bxd6 40. fxg3 Qh2+ 41. Kc1 Bf5 42. e4 Bg4 43. Rh1 Qxg3 44. Rhg1 Bf4+ 45. Kb1
Qh4 46. Be3 Qg5 47. e5 Rxe5 48. Bxf4 Qxf4 49. Qd4 Qxd4 50. Rxd4 f2 51. Rf1
Re1+ 52. Kb2 Rxf1 53. Rf4 Bh3 54. Ne4 Kh6 55. Rf6 Bf5 56. Nxf2 Rxf2+ 57. Kc3
Rf4 58. Rf8 Rc4+ 59. Kd2 Be6 60. Rh8+ {Black forfeits on time} 1-0

[Event "ICC Open 2015"]
[Site "Internet Chess Club"]
[Date "2015.05.29"]
[Round "10"]
[White "airantrobo"]
[Black "Rotchopf"]
[Result "1-0"]
[ICCResult "Black forfeits on time"]
[WhiteElo "1664"]
[BlackElo "1867"]
[Opening "Old Indian defense"]
[ECO "A53"]
[NIC "OI.04"]
[Time "21:20:25"]
[TimeControl "180+0"]

1. d4 d6 2. c4 Nf6 3. Nc3 Nc6 4. d5 Ne5 5. e4 Ng6 6. Nf3 e5 7. h3 Bd7 8. Bd3
h6 9. Be3 a6 10. O-O Qc8 11. Re1 Be7 12. Bf1 O-O 13. a4 Nh7 14. a5 f5 15.
exf5 Bxf5 16. Bd2 Qd7 17. g4 Bxg4 18. hxg4 Qxg4+ 19. Bg2 Nf4 20. Bxf4 Rxf4
21. Nd2 Qg6 22. Nce4 Raf8 23. Re3 Ng5 24. Rg3 Qh5 25. Raa3 Nh7 26. Qxh5 Kh8
27. Qe2 R4f5 28. Raf3 Bd8 29. Rxf5 Rxf5 30. Bh3 Rf8 31. Qg4 g5 32. Qe6 Rf6
33. Qe8+ Rf8 34. Qd7 Rg8 35. Be6 Rf8 36. Bf5 Nf6 37. Qc8 Nxe4 38. Bxe4 Kg7
39. Qxb7 Rf7 40. Qc6 Bf6 41. Bf5 h5 42. Be6 h4 43. Bxf7 hxg3 44. fxg3 Kxf7
45. Kg2 Kg6 46. Nf3 e4 47. Nd2 e3 48. Nf3 e2 49. Qd7 g4 50. Ne1 Bxb2 51. Kf2
Bd4+ 52. Kxe2 Bf6 53. Qe6 Kg5 54. Ng2 c5 55. Nf4 Be5 56. Qe7+
{Black forfeits on time}
1-0

[Event "ICC Open 2015"]
[Site "Internet Chess Club"]
[Date "2015.05.29"]
[Round "10"]
[White "spartan62"]
[Black "El-Flippo"]
[Result "1-0"]
[ICCResult "Black resigns"]
[WhiteElo "1309"]
[BlackElo "1310"]
[Opening "Sicilian defense"]
[ECO "B44"]
[NIC "SI.39"]
[Time "21:21:33"]
[TimeControl "180+0"]

1. e4 c5 2. Nf3 Nc6 3. d4 cxd4 4. Nxd4 e6 5. c4 Qc7 6. Nc3 a6 7. Be2 Nge7 8.
O-O g6 9. Bg5 Bg7 10. a3 Nxd4 11. Bxe7 Nxe2+ 12. Qxe2 Kxe7 13. Rad1 d6 14.
f4 Rd8 15. f5 Qc5+ 16. Kh1 Qe5 17. fxg6 hxg6 18. Rd3 Rh8 19. g3 b6 20. Rdf3
f5 21. Qf2 Bb7 22. Qxb6 Bxe4 23. Qc7+ Kf6 24. Nxe4+ Qxe4 25. Qxd6 Rad8 26.
Qb4 Rd3 27. Kg2 Rxh2+ 28. Kxh2 Rxf3 29. Rxf3 Qxf3 30. Qc3+ e5 31. Qxf3
{Black resigns}
1-0

[Event "ICC Open 2015"]
[Site "Internet Chess Club"]
[Date "2015.05.29"]
[Round "10"]
[White "KM-SKOCB"]
[Black "Bagelhead"]
[Result "1-0"]
[ICCResult "Black forfeits on time"]
[WhiteElo "2718"]
[BlackElo "2336"]
[Opening "Ruy Lopez: Berlin defense, open variation"]
[ECO "C67"]
[NIC "RL.07"]
[Time "21:20:19"]
[TimeControl "180+0"]

1. e4 e5 2. Nf3 Nc6 3. Bb5 Nf6 4. O-O Nxe4 5. d4 Nd6 6. Bxc6 dxc6 7. dxe5
Nf5 8. Qxd8+ Kxd8 9. h3 h6 10. Nc3 Bd7 11. Rd1 Kc8 12. Bf4 b6 13. g4 Ne7 14.
Nd4 c5 15. Nde2 g5 16. Bg3 Ng6 17. f3 Be6 18. Nd5 Kb7 19. Kf2 Bg7 20. Nf6
Bxf6 21. exf6 a5 22. Nc3 a4 23. Nb5 Rhc8 24. b3 Ra5 25. c4 Nf4 26. Bxf4 gxf4
27. Nc3 axb3 28. axb3 Rca8 29. Rxa5 Rxa5 30. h4 Ra3 31. Rb1 Bxc4 32. g5 hxg5
33. hxg5 Bd3 34. Rd1 Bg6 35. Rd7 Rxb3 36. Ne2 Rb2 37. Ke1 Kc6 38. Re7 c4 39.
Nxf4 c3 40. Nxg6 Rb1+ 41. Kf2 fxg6 42. f7 c2 43. f8=Q c1=Q 44. Qa8+ Kb5 45.
Re5+ c5 46. Qe8+ Kb4 47. Re4+ c4 48. Qe7+ Kb3 49. Re3+ c3 50. Qe6+ Ka3 51.
Qd6+ Ka2 52. Qd5+ Ka1 53. Qa8+ Kb2 54. Re2+ c2 55. Qh8+ Ka2 56. Qg8+ Kb2 57.
Qg7+ Ka2 58. Qf7+ Kb2 59. Qf6+ Ka2 60. Qe6+ Kb2 61. Qxb6+ Ka2 62. Qa5+ Kb2
63. Qb4+ Ka2 64. Qa4+ Kb2 65. Qd4+ Ka2 66. Qa4+ Kb2 67. Kg3 Qg1+ 68. Kf4 Qd1
69. Qb4+ {Black forfeits on time} 1-0

[Event "ICC Open 2015"]
[Site "Internet Chess Club"]
[Date "2015.05.29"]
[Round "10"]
[White "aplusk"]
[Black "druskacik"]
[Result "1-0"]
[ICCResult "Black resigns"]
[WhiteElo "2837"]
[BlackElo "2447"]
[Opening "Trompowsky attack (Ruth, Opocenský opening)"]
[ECO "A45"]
[NIC "QP.07"]
[Time "21:22:02"]
[TimeControl "180+0"]

1. d4 Nf6 2. Bg5 Ne4 3. Bh4 g5 4. Bg3 c5 5. dxc5 Qa5+ 6. c3 Qxc5 7. Nd2 Nxg3
8. hxg3 Bg7 9. Ngf3 h6 10. e3 Nc6 11. Qc2 d6 12. Bd3 Bg4 13. O-O-O Rc8 14.
Kb1 Qb6 15. Qb3 Be6 16. Qxb6 axb6 17. Nd4 Nxd4 18. exd4 Bd5 19. f3 e6 20. g4
Kd7 21. c4 Bc6 22. d5 exd5 23. Bf5+ Kd8 24. Bxc8 Kxc8 25. cxd5 Bxd5 26. Nf1
Bc6 27. Rxd6 Re8 28. Rd2 Re1+ 29. Kc2 Ra1 30. Ng3 Rxa2 31. Kb1 Ra5 32. Nf5
Be5 33. Rxh6 Kb8 34. Ne7 Ba4 35. Rxb6 Bf4 36. Rd5 Ra8 37. Rd8+ Kc7 38. Rxa8
Kxb6 39. Rxa4 {Black resigns} 1-0

[Event "ICC Open 2015"]
[Site "Internet Chess Club"]
[Date "2015.05.29"]
[Round "10"]
[White "chessfidebullet"]
[Black "Shafkat"]
[Result "0-1"]
[ICCResult "White forfeits on time"]
[WhiteElo "1170"]
[BlackElo "1560"]
[Opening "Bishop's opening: Greco gambit"]
[ECO "C24"]
[NIC "IG.04"]
[Time "21:20:41"]
[TimeControl "180+0"]

1. e4 e5 2. Bc4 Nf6 3. f4 d6 4. fxe5 dxe5 5. Bd5 Nxd5 6. exd5 Qxd5 7. Qf3
Qxf3 8. Nxf3 f6 9. O-O Bd6 10. Re1 O-O 11. c3 Bf5 12. d4 exd4 13. Nxd4 Bd7
14. a4 Nc6 15. Nb5 Bc5+ 16. Be3 Bxe3+ 17. Rxe3 Rac8 18. Rd3 Bf5 19. Rd5 Bg6
20. Nd4 Nxd4 21. Rxd4 Rfd8 22. Rxd8+ Rxd8 23. Na3 Rd2 24. Nc4 Rc2 25. Na5
Rxb2 26. Rd1 Rb1 27. Rxb1 Bxb1 28. Nxb7 Bc2 29. Nc5 Kf7 30. a5 Ke7 31. Na6
Kd6 32. Kf2 Bd3 33. Nb4 Bb5 34. Ke3 c5 35. Na2 c4 36. Nb4 Kc5 37. Nc2 Ba4
38. Nd4 Bb3 39. Ne6+ Kb5 40. Nxg7 Kxa5 41. Ne6 Kb5 42. Nd4+ Kc5 43. Ne6+ Kd5
44. Nd4 a5 45. Nxb3 cxb3 46. Kd3 a4 47. c4+ Kc5 48. Kc3 b2 49. Kxb2 Kxc4 50.
Ka3 Kb5 51. g4 h6 52. h4 Ka5 53. h5 Kb5 54. Ka2 Kb4 55. Ka1 Kb3 56. Kb1 a3
57. Ka1 Kc3 {White forfeits on time} 0-1

[Event "ICC Open 2015"]
[Site "Internet Chess Club"]
[Date "2015.05.29"]
[Round "10"]
[White "akibael"]
[Black "QuintilianoR"]
[Result "0-1"]
[ICCResult "White forfeits on time"]
[WhiteElo "2404"]
[BlackElo "2354"]
[Opening "English: symmetrical variation"]
[ECO "A37"]
[NIC "EO.28"]
[Time "21:20:29"]
[TimeControl "180+0"]

1. Nf3 c5 2. c4 Nc6 3. Nc3 g6 4. g3 Bg7 5. Bg2 d6 6. O-O e5 7. e3 Nge7 8. d3
O-O 9. a3 a5 10. Rb1 h6 11. Bd2 Be6 12. Qc2 Rc8 13. Rfd1 d5 14. cxd5 Nxd5
15. Nxd5 Bxd5 16. Bc3 b5 17. Qe2 a4 18. Rbc1 Bb3 19. Re1 Qd7 20. Nd2 Bd5 21.
Ne4 Nd8 22. Bd2 Ne6 23. Bh3 f5 24. Nc3 Bb7 25. Red1 b4 26. axb4 cxb4 27. Nb1
Ng5 28. Bg2 Bxg2 29. Kxg2 Qb7+ 30. f3 e4 31. dxe4 fxe4 32. f4 Nf3 33. Be1
Rxc1 34. Rxc1 Kh7 35. Rc4 Qb5 36. Rc2 Qd3 37. Kf2 Rd8 38. Bxb4 Qb3 39. Bc3
Rc8 40. Na3 Bxc3 41. bxc3 Qxa3 42. Qa6 Qc5 43. Qxa4 Rc7 44. Qxe4 Nxh2 45.
Qe6 Qc4 46. Rd2 Qxe6 47. Kg2 Qg4 48. Kxh2 Rxc3 49. Rg2 Qf3 50. Kh3 Rxe3 51.
Kh2 Re2 52. Rxe2 Qxe2+ 53. Kh3 Qh5+ 54. Kg2 Qe2+ {White forfeits on time}
0-1

[Event "ICC Open 2015"]
[Site "Internet Chess Club"]
[Date "2015.05.29"]
[Round "10"]
[White "ShadowLike"]
[Black "Irenaeus"]
[Result "0-1"]
[ICCResult "White forfeits on time"]
[WhiteElo "2231"]
[BlackElo "1875"]
[Opening "King's pawn game"]
[ECO "C50"]
[NIC "IG.03"]
[Time "21:21:05"]
[TimeControl "180+0"]

1. e4 e5 2. Nf3 Nc6 3. Bc4 g6 4. d4 exd4 5. Nxd4 Bg7 6. Nxc6 bxc6 7. O-O Ne7
8. c3 O-O 9. Bg5 h6 10. Bh4 g5 11. Bg3 d5 12. Bb3 f5 13. f4 fxe4 14. Nd2 Ba6
15. Qh5 Bxf1 16. Rxf1 Qe8 17. Qg4 Qc8 18. Qh5 Qe8 19. Qg4 Qg6 20. f5 Rxf5
21. Bxc7 Rxf1+ 22. Kxf1 Rf8+ 23. Ke1 Qf5 24. Qxf5 Nxf5 25. Kd1 Kh8 26. c4
Ne3+ 27. Ke2 Nxc4 28. Nxc4 dxc4 29. Bxc4 Bxb2 30. Bd6 Rd8 31. Bc5 Bd4 32.
Be7 Re8 33. Ba3 c5 34. Bd5 e3 35. Bf7 Rf8 36. Bh5 Rf2+ 37. Kd3 Rxa2 38. Bc1
Rxg2 39. Bxe3 Bxe3 40. Kxe3 Rxh2 {White forfeits on time} 0-1

[Event "ICC Open 2015"]
[Site "Internet Chess Club"]
[Date "2015.05.29"]
[Round "10"]
[White "Spirals"]
[Black "LMLLM"]
[Result "1/2-1/2"]
[ICCResult "White ran out of time and Black has no material to mate"]
[WhiteElo "2120"]
[BlackElo "2397"]
[Opening "Pirc: classical, h3 system"]
[ECO "B06"]
[NIC "KF.05"]
[Time "21:23:12"]
[TimeControl "180+0"]

1. e4 g6 2. d4 Bg7 3. Nf3 d6 4. h3 Nf6 5. Nc3 O-O 6. Be2 Nc6 7. O-O e5 8.
dxe5 Nxe5 9. Nxe5 dxe5 10. Be3 Be6 11. Qxd8 Rfxd8 12. Rfd1 c6 13. Rxd8+ Rxd8
14. Bxa7 Nd7 15. Be3 Bf8 16. Rd1 Ra8 17. a3 Nc5 18. h4 Na4 19. Nxa4 Rxa4 20.
Bd3 Kg7 21. f3 Be7 22. g3 b5 23. c3 c5 24. Bxb5 Ra8 25. Bc6 Rb8 26. b4 cxb4
27. axb4 Rc8 28. b5 Bd8 29. Kf2 Ba5 30. Bd2 Bc4 31. Ra1 Bb6+ 32. Be3 Bd8 33.
Ra6 Rb8 34. Ba7 Bxb5 35. Bxb8 Bxa6 36. Bxe5+ f6 37. Bd4 Bc7 38. f4 Bc4 39.
Ke3 Kf8 40. Bd5 Bf1 41. e5 fxe5 42. Bxe5 Bb6+ 43. Bd4 Bc7 44. c4 Ke7 45. c5
Bb8 46. Be5 Ba7 47. Bd6+ Kd7 48. Kd4 Bh3 49. Bc4 Bg4 50. Bb5+ Ke6 51. Kc4
Be2+ 52. Kb4 Bf3 53. Be5 Kd5 54. c6 Bg4 55. c7 Ke4 56. Bc6+ Ke3 57. Bb7 Kf2
58. c8=Q Bxc8 59. Bxc8 Bb6 60. Be6 Bd8 61. g4 Kg3 62. g5 Kxh4 63. Kc4 Kh5
64. Kd5 Be7 65. Bf6 Ba3 66. Ke4 Bc1 67. f5 Bxg5 68. Bxg5 Kxg5 69. fxg6 h5
70. g7 Kf6 71. g8=Q Ke7 72. Qf7+ Kd6 73. Qd7+ Kc5 74. Qd5+ Kb6 75. Qxh5 Kc7
76. Qd5 Kb6 {White ran out of time and Black has no material to mate}
1/2-1/2

[Event "ICC Open 2015"]
[Site "Internet Chess Club"]
[Date "2015.05.29"]
[Round "11"]
[White "Rotchopf"]
[Black "NAS"]
[Result "1-0"]
[ICCResult "Black resigns"]
[WhiteElo "1878"]
[BlackElo "1751"]
[Opening "Sicilian"]
[ECO "B50"]
[NIC "SI.01"]
[Time "21:30:40"]
[TimeControl "180+0"]

1. e4 c5 2. Nf3 d6 3. c3 Nf6 4. Bd3 g6 5. Bc2 Bg7 6. d3 O-O 7. O-O Nbd7 8.
Re1 b6 9. Nbd2 Bb7 10. Nf1 Qc7 11. Ng3 Rad8 12. Bg5 Ba8 13. Qd2 Rfe8 14. h4
Qb7 15. h5 d5 16. e5 Nxh5 17. Nxh5 gxh5 18. d4 cxd4 19. cxd4 f6 20. Bh6 fxe5
21. Qg5 {Black resigns} 1-0

[Event "ICC Open 2015"]
[Site "Internet Chess Club"]
[Date "2015.05.29"]
[Round "11"]
[White "olimpioMD"]
[Black "JobbyleHut"]
[Result "1-0"]
[ICCResult "Black resigns"]
[WhiteElo "1419"]
[BlackElo "1387"]
[Opening "Old Indian defense"]
[ECO "A42"]
[NIC "OI.07"]
[Time "21:30:52"]
[TimeControl "180+0"]

1. d4 d6 2. c4 e5 3. Nc3 Be6 4. d5 Bd7 5. e4 f5 6. f4 exf4 7. Bxf4 Ne7 8. e5
Ng6 9. e6 Nxf4 10. exd7+ Qxd7 11. Qf3 Qe7+ 12. Kd2 g5 13. Re1 {Black
resigns} 1-0

[Event "ICC Open 2015"]
[Site "Internet Chess Club"]
[Date "2015.05.29"]
[Round "11"]
[White "spartan62"]
[Black "cap78red"]
[Result "1-0"]
[ICCResult "Black checkmated"]
[WhiteElo "1328"]
[BlackElo "1360"]
[Opening "Alekhine's defense"]
[ECO "B02"]
[NIC "AL.10"]
[Time "21:30:43"]
[TimeControl "180+0"]

1. e4 Nf6 2. e5 Nd5 3. c4 Nb6 4. Nf3 d6 5. d4 g6 6. exd6 cxd6 7. Nc3 Bg7 8.
Bg5 O-O 9. Qd2 f6 10. Bh6 g5 11. Bxg7 Kxg7 12. O-O-O h6 13. Bd3 Bg4 14. Rde1
Bh5 15. Nd5 Bg6 16. Nxe7 Bxd3 17. Qxd3 Nc6 18. Qg6+ Kh8 19. Qxh6#
{Black checkmated}
1-0

[Event "ICC Open 2015"]
[Site "Internet Chess Club"]
[Date "2015.05.29"]
[Round "11"]
[White "druskacik"]
[Black "BonifaceVIII"]
[Result "1-0"]
[ICCResult "Black resigns"]
[WhiteElo "2464"]
[BlackElo "2576"]
[Opening "QGD: Tarrasch, Prague variation, 9.Bg5"]
[ECO "D30"]
[NIC "TD.03"]
[Time "21:30:35"]
[TimeControl "180+0"]

1. d4 d5 2. c4 e6 3. Nf3 Nf6 4. g3 c5 5. cxd5 exd5 6. Bg2 Nc6 7. O-O Be7 8.
Nc3 O-O 9. Bg5 cxd4 10. Nxd4 Re8 11. Qd2 h6 12. Bxf6 Bxf6 13. e3 Nxd4 14.
exd4 Be6 15. Rfe1 Qb6 16. Nxd5 Bxd5 17. Bxd5 Red8 18. Bb3 Rxd4 19. Qe3 a5
20. Rad1 a4 21. Bc2 Qxb2 22. Bb1 Rad8 23. Rxd4 Qxd4 24. Qe8+ {Black resigns}
1-0

[Event "ICC Open 2015"]
[Site "Internet Chess Club"]
[Date "2015.05.29"]
[Round "11"]
[White "KingsServant"]
[Black "gotsjo"]
[Result "1-0"]
[ICCResult "Black resigns"]
[WhiteElo "1501"]
[BlackElo "1355"]
[Opening "Scotch game"]
[ECO "C45"]
[NIC "SO.04"]
[Time "21:30:51"]
[TimeControl "180+0"]

1. e4 e5 2. Nf3 Nc6 3. d4 exd4 4. Nxd4 Be7 5. Be3 Nxd4 6. Bxd4 Nf6 7. Nc3 d6
8. Bd3 O-O 9. O-O Bg4 10. f3 Bd7 11. Qe1 c5 12. Be3 Qb6 13. b3 Qa5 14. Nd5
Qxe1 15. Nxe7+ Kh8 16. Raxe1 Bc6 17. Nxc6 bxc6 18. Bg5 Nd7 19. Be7 Rfe8 20.
Bxd6 {Black resigns} 1-0

[Event "ICC Open 2015"]
[Site "Internet Chess Club"]
[Date "2015.05.29"]
[Round "11"]
[White "fearlessone"]
[Black "bullbuffalo"]
[Result "1-0"]
[ICCResult "Black checkmated"]
[WhiteElo "1672"]
[BlackElo "1381"]
[Opening "Van't Kruijs opening"]
[ECO "A00"]
[Time "21:30:24"]
[TimeControl "180+0"]

1. e3 c5 2. Ne2 Nc6 3. d3 e6 4. Nd2 Be7 5. g3 a6 6. Bg2 b5 7. O-O Bb7 8. b3
Qc7 9. Bb2 h5 10. Bxg7 Rh7 11. Bb2 Nh6 12. Be4 f5 13. Bg2 Ng4 14. Nf4 O-O-O
15. h3 Bd6 16. Nf3 Rg8 17. Qe2 h4 18. hxg4 hxg3 19. fxg3 Bxf4 20. exf4 Qxf4
21. gxf4 Rxg4 22. Ng5 Nd4 23. Bxd4 Rhh4 24. Bxc5 Bxg2 25. Qxg2 Rxg2+ 26.
Kxg2 Rg4+ 27. Kf3 Kc7 28. Rg1 d6 29. Rxg4 fxg4+ 30. Kxg4 dxc5 31. Nxe6+ Kd6
32. f5 c4 33. dxc4 bxc4 34. bxc4 a5 35. Rb1 a4 36. Rb4 a3 37. Ra4 Ke7 38.
Rxa3 Kf6 39. Re3 Kf7 40. Kf4 Kf6 41. c5 Ke7 42. Nd4+ Kd7 43. c6+ Kc7 44. Re6
Kb6 45. Ke5 Kc7 46. Kd5 Kd8 47. Kd6 Kc8 48. Re8# {Black checkmated} 1-0

[Event "ICC Open 2015"]
[Site "Internet Chess Club"]
[Date "2015.05.29"]
[Round "11"]
[White "playwaycool"]
[Black "maly"]
[Result "0-1"]
[ICCResult "White checkmated"]
[WhiteElo "2342"]
[BlackElo "2598"]
[Opening "Queen's pawn game"]
[ECO "D04"]
[NIC "QP.08"]
[Time "21:30:29"]
[TimeControl "180+0"]

1. d4 d5 2. Nf3 Nf6 3. e3 g6 4. Nbd2 Bg7 5. Bd3 O-O 6. O-O b6 7. h3 Bb7 8.
Ne5 Nbd7 9. f4 c5 10. c3 e6 11. Qe2 Qc7 12. Kh1 Ne4 13. Nxe4 dxe4 14. Ba6 f6
15. Bxb7 Qxb7 16. Nxd7 Qxd7 17. Bd2 f5 18. Rfd1 Rfd8 19. Be1 Qc6 20. g4 Rac8
21. gxf5 exf5 22. Bh4 Rd7 23. Qc4+ Qd5 24. Qxd5+ Rxd5 25. Kg2 cxd4 26. exd4
b5 27. Rd2 a5 28. Bf2 b4 29. cxb4 axb4 30. Be3 Rc4 31. Rad1 Kf7 32. Kf2 Ke6
33. Ke2 Bf6 34. a3 bxa3 35. bxa3 Ra4 36. Rb2 Rxa3 37. Rb6+ Ke7 38. Rc1 Ra2+
39. Kf1 Rd7 40. Rcc6 Bxd4 41. Re6+ Kf7 42. Bxd4 Rxd4 43. Rf6+ Kg7 44. Rfd6
Rxd6 45. Rxd6 Rh2 46. Rd7+ Kh6 47. Kg1 Rxh3 48. Kg2 Rf3 49. Rd1 Rxf4 50. Kg3
Rf3+ 51. Kh4 g5# {White checkmated} 0-1

[Event "ICC Open 2015"]
[Site "Internet Chess Club"]
[Date "2015.05.29"]
[Round "11"]
[White "Chaos23"]
[Black "ibarra"]
[Result "0-1"]
[ICCResult "White resigns"]
[WhiteElo "2028"]
[BlackElo "2734"]
[Opening "Sicilian: Prins (Moscow) variation"]
[ECO "B55"]
[NIC "SI.01"]
[Time "21:30:36"]
[TimeControl "180+0"]

1. e4 c5 2. Nf3 d6 3. d4 cxd4 4. Nxd4 Nf6 5. f3 Nc6 6. Be3 d5 7. Nxc6 bxc6
8. Nc3 e6 9. a3 Be7 10. exd5 cxd5 11. Bb5+ Bd7 12. O-O Bxb5 13. Nxb5 Qb8 14.
a4 a6 15. Nd4 Bd6 16. f4 Qxb2 17. Rb1 Qc3 18. Rb3 Qc7 19. Rf3 O-O 20. Bc1
Ne4 21. g3 Bc5 22. Bb2 Rac8 23. c3 Qd7 24. Kg2 Qxa4 25. f5 Bxd4 26. cxd4
exf5 27. Rxf5 Nd2 28. Qxd2 Qxb3 29. Rf2 h6 30. Qf4 Rc2 31. Kh3 Qxb2
{White resigns}
0-1

[Event "ICC Open 2015"]
[Site "Internet Chess Club"]
[Date "2015.05.29"]
[Round "11"]
[White "munch"]
[Black "eltigrecu"]
[Result "0-1"]
[ICCResult "White resigns"]
[WhiteElo "1443"]
[BlackElo "2017"]
[Opening "Sicilian: Alapin's variation (2.c3)"]
[ECO "B22"]
[NIC "SI.46"]
[Time "21:30:20"]
[TimeControl "180+0"]

1. e4 c5 2. c3 Nc6 3. d4 cxd4 4. cxd4 d5 5. exd5 Qxd5 6. Nf3 Bg4 7. Be2 e6
8. h3 Bh5 9. O-O Bb4 10. Nc3 Bxc3 11. bxc3 Nf6 12. c4 Qd7 13. Bg5 h6 14.
Bxf6 gxf6 15. d5 Bxf3 16. Bxf3 Ne5 17. dxe6 Nxf3+ 18. Qxf3 fxe6 19. Rad1 Qe7
20. Rfe1 O-O 21. Qe4 Rae8 22. Rd2 Kg7 23. Qg4+ Kh7 24. Rde2 e5 25. Qf5+ Kh8
26. Re4 Qe6 27. Qh5 Kh7 28. Rg4 Rg8 29. Qh4 Rxg4 30. hxg4 Rg8 31. f3 Rg5 32.
Qg3 Qxc4 33. f4 exf4 34. Re7+ Rg7 35. Rxg7+ Kxg7 36. Qf3 Qb4 37. a3 Qe1+ 38.
Kh2 Qg3+ 39. Qxg3 fxg3+ 40. Kxg3 Kg6 41. Kf4 b5 42. Ke4 a5 43. Kd4 b4 44. a4
Kg5 45. Kc4 Kxg4 46. Kb5 b3 47. Kxa5 b2 48. Kb5 b1=Q+ 49. Kc4 Qa2+
{White resigns}
0-1

[Event "ICC Open 2015"]
[Site "Internet Chess Club"]
[Date "2015.05.29"]
[Round "11"]
[White "depressnyak"]
[Black "chabotheking"]
[Result "1-0"]
[ICCResult "Black resigns"]
[WhiteElo "3226"]
[BlackElo "2518"]
[Opening "Queen's pawn: London system"]
[ECO "A45"]
[NIC "QP.07"]
[Time "21:30:43"]
[TimeControl "180+0"]

1. d4 Nf6 2. Bf4 g6 3. Nc3 d5 4. Qd2 Bg7 5. O-O-O c6 6. Bh6 O-O 7. f3 b5 8.
h4 b4 9. Nb1 Bxh6 10. Qxh6 Qa5 11. h5 Qxa2 12. g4 Nbd7 13. Nh3 Nb6 14. Rd3
Nc4 15. Rb3 Nd6 16. Ng5 Bf5 17. Bh3 a5 18. gxf5 a4 19. Nxh7 axb3 20. hxg6
{Black resigns}
1-0

[Event "ICC Open 2015"]
[Site "Internet Chess Club"]
[Date "2015.05.29"]
[Round "11"]
[White "Machinegun"]
[Black "MasterZachary"]
[Result "1-0"]
[ICCResult "Black resigns"]
[WhiteElo "2512"]
[BlackElo "2236"]
[Opening "two knights defense: Fritz variation"]
[ECO "C57"]
[NIC "KP.01"]
[Time "21:30:23"]
[TimeControl "180+0"]

1. e4 e5 2. Nf3 Nc6 3. Bc4 Nf6 4. Ng5 d5 5. exd5 Nd4 6. c3 Nf5 7. d4 exd4 8.
O-O h6 9. Re1+ Ne7 10. Nf3 dxc3 11. Nxc3 g6 12. Ne5 Bg7 13. d6 Qxd6 14.
Bxf7+ Kf8 15. Qb3 Bf5 16. Bg8 Nfd5 17. Bxd5 Bxe5 18. Bxb7 Rb8 19. Be3 Bc8
20. Nb5 Rxb7 21. Nxd6 Rxb3 22. Nxc8 Rb5 23. Nxe7 Kxe7 24. Bd4 Kf6 25. Rxe5
Rxe5 26. f4 Kf5 27. Bxe5 g5 28. Bxh8 {Black resigns} 1-0

[Event "ICC Open 2015"]
[Site "Internet Chess Club"]
[Date "2015.05.29"]
[Round "11"]
[White "gonesailing"]
[Black "Sherlocked"]
[Result "0-1"]
[ICCResult "White resigns"]
[WhiteElo "1631"]
[BlackElo "1943"]
[Opening "Pirc: Austrian attack, 6.Bd3"]
[ECO "B09"]
[NIC "PU.02"]
[Time "21:30:59"]
[TimeControl "180+0"]

1. e4 d6 2. d4 Nf6 3. Nc3 g6 4. f4 Bg7 5. Nf3 O-O 6. Bd3 Nbd7 7. O-O e5 8.
dxe5 dxe5 9. f5 Nc5 10. fxg6 hxg6 11. Be3 Nxd3 12. cxd3 c6 13. Nxe5 Nxe4 14.
Nxe4 Bxe5 15. Bh6 Qh4 16. Ng3 Qxh6 17. Qf3 Be6 18. h3 Bd5 19. Ne4 f5 20. Qe2
fxe4 21. dxe4 Be6 22. Rxf8+ Rxf8 23. Rd1 Qf4 24. g4 Qg3+ 25. Qg2 Qe3+ 26.
Kh1 Rf2 27. Rd3 Qc1+ 28. Qg1 Rf1 29. Rd8+ Kf7 {White resigns} 0-1

[Event "ICC Open 2015"]
[Site "Internet Chess Club"]
[Date "2015.05.29"]
[Round "11"]
[White "kurumania"]
[Black "nurmi"]
[Result "1-0"]
[ICCResult "Black resigns"]
[WhiteElo "2778"]
[BlackElo "2241"]
[Opening "Robatsch defense: two knights, Suttles variation"]
[ECO "A04"]
[NIC "QP.11"]
[Time "21:30:21"]
[TimeControl "180+0"]

1. Nf3 d6 2. e4 g6 3. Nc3 Bg7 4. d4 c6 5. h3 Nf6 6. a4 O-O 7. Be3 Qa5 8. Bd3
e5 9. dxe5 dxe5 10. O-O Rd8 11. Nd2 Qc7 12. a5 Qe7 13. Qf3 Nbd7 14. Nb3 Nf8
15. Rfd1 Ne6 16. Bf1 Bd7 17. Na4 Be8 18. Rxd8 Qxd8 19. Rd1 Qc7 20. Bc4 Bd7
21. Qe2 Nh5 22. Qd2 Be8 23. Bxe6 fxe6 24. Qd6 Qf7 25. Nac5 Nf4 26. Bxf4 Qxf4
27. Nxe6 Qxe4 28. Nxg7 Kxg7 29. Nc5 Qf5 30. Nxb7 Bf7 31. Nd8 Bd5 32. Nxc6
Bxc6 33. Qxc6 Rc8 34. Rd7+ {Black resigns} 1-0